 Dungeon Crawl Stone Soup version 0.31-a0-435-g2c6fae2916 (webtiles) character file.

Game seed: 9407237275060260634

766943 throwaway the Skinwalker (level 27, -5/303 HPs)
             Began as a Troll Shapeshifter on July 31, 2023.
             Was the Champion of Wu Jian.
             Slain by a reaper
             ... wielding a +2 scythe of protection
              (23 damage)
             ... while paralysed by you
             ... in Pandemonium on Aug 1, 2023.
             The game lasted 06:32:18 (65019 turns).

throwaway the Skinwalker (Troll Shapeshifter)      Turns: 65019, Time: 06:32:18

Health: -5/303     AC: 40    Str: 45    XL:     27
Magic:  18/35      EV:  1    Int: 10    God:    Wu Jian [******]
Gold:   2649       SH:  0    Dex: 18    Spells: 45/45 levels left

rFire   + +          .
                       - Unarmed
rCold   + + +        V - +6 kite shield "Eregairo" {rPois Int+3 SInv}
rNeg    + + +        i - +9 gold dragon scales
rPois   ∞            a - +2 hat "Abledon" {rElec rN+ Int+3 Slay+2}
rElec   +            S - +4 dragonskin cloak
rCorr   +            (gloves unavailable)
SInv    +            (boots unavailable)
Will    ++++.        l - amulet of Zoamyupn {Will+ Regen+} Stlth
                     c - ring of Cigiurud {rC++ rCorr Str+5}
HPRegen 2.30/turn    h - ring "Seworph" {Fire Contam rPois Str+7 SInv}
MPRegen 0.24/turn

%: clarity
@: paralysed, mighty, agile, exhausted, death-form, slowed
A: vile attack, torment immunity, no potions, large, unfitting armour, claws 3,
regeneration 1, shaggy fur 1, tough skin 1, talons 1, clarity, robust 1
}: 5/15 runes: serpentine, barnacled, slimy, silver, abyssal
a: Siphon Essence, Begin Untransformation, Renounce Religion, Wall Jump,
Serpent's Lash, Heavenly Storm


You were in Pandemonium.
You worshipped Wu Jian.
Wu Jian was exalted by your worship.
You were an undying horror.
You visited 13 branches of the dungeon, and saw 57 of its levels.
You visited Pandemonium 1 time, and saw 3 of its levels.
You visited the Abyss 3 times.
You also visited: Trove, Ossuary, Gauntlet, Ice Cave, Volcano and Wizlab.

You collected 11032 gold pieces.
You spent 8383 gold pieces at shops.

Inventory:

Hand Weapons
 w - the +1 spear of the Hugging Gods {heavy, +Blink rElec Will- Str-3}
   (You found it on level 7 of the Dungeon)

   Str:       It affects your strength (-3).
   rElec:     It insulates you from electricity.
   +Blink:    It lets you blink.
   Will:      It decreases your willpower.
Missiles
 x - 6 throwing nets (quivered)
Armour
 a - the +2 hat "Abledon" (worn) {rElec rN+ Int+3 Slay+2}
   (You acquired it on level 11 of the Dungeon)

   Int:       It affects your intelligence (+3).
   Slay:      It affects your accuracy & damage with ranged weapons and melee
   (+2).
   rElec:     It insulates you from electricity.
   rN:        It protects you from negative energy.
 i - +9 gold dragon scales (worn)
 S - the +4 dragonskin cloak (worn)
   (You took it off Tiamat on level 2 of the Realm of Zot)

   Avatar's Aegis: It grants the wearer a chance to resist fire, cold, poison,
   electricity, acid, and negative energy.
 V - the +6 kite shield "Eregairo" (worn) {rPois Int+3 SInv}
   (You acquired it on level 3 of the Shoals)

   Int:       It affects your intelligence (+3).
   rPois:     It protects you from poison.
   SInv:      It lets you see invisible.
Jewellery
 c - the ring of Cigiurud (left claw) {rC++ rCorr Str+5}
   (You found it on level 3 of the Elven Halls)

   [ring of resist corrosion]

   Str:       It affects your strength (+5).
   rC:        It greatly protects you from cold.
   rCorr:     It protects you from acid and corrosion.
 g - the ring "Ytedujoy" {rC+ rN+ Slay+3 SInv}
   (You found it in a treasure trove)

   [ring of see invisible]

   Slay:      It affects your accuracy & damage with ranged weapons and melee
   (+3).
   rC:        It protects you from cold.
   rN:        It protects you from negative energy.
   SInv:      It lets you see invisible.
 h - the ring "Seworph" (right claw) {Fire Contam rPois Str+7 SInv}
   (You bought it in a shop on level 1 of the Snake Pit)

   [ring of fire]

   It enhances your fire magic.
   Str:       It affects your strength (+7).
   rF:        It protects you from fire.
   rC:        It makes you vulnerable to cold.
   rPois:     It protects you from poison.
   SInv:      It lets you see invisible.
   Contam:    It causes magical contamination when unequipped.
 l - the amulet of Zoamyupn (around neck) {Will+ Regen+}
   (You found it in a treasure trove)

   [amulet of regeneration]

   Regen:     It increases your rate of health regeneration.
   Will:      It increases your willpower.
 v - the ring "Noqush" {Fly Will++ MP+9}
   (You found it on level 5 of the Pits of Slime)

   [ring of flight]

   MP:        It affects your magic capacity (+9).
   Fly:       It grants you flight.
   Will:      It greatly increases your willpower.
 L - the ring of Owotsiza {Fire Str+5}
   (You found it on level 15 of the Dungeon)

   [ring of fire]

   It enhances your fire magic.
   Str:       It affects your strength (+5).
   rF:        It protects you from fire.
   rC:        It makes you vulnerable to cold.
Talismans
 d - a talisman of death (active)
 y - a granite talisman
Wands
 D - a wand of light (36)
 G - a wand of digging (18)
 O - a wand of roots (60)
 R - a wand of polymorph (4)
Scrolls
 e - 9 scrolls of fog
 f - 25 scrolls of teleportation
 k - 7 scrolls of fear
 r - 3 scrolls of silence
 t - a scroll of torment
 H - 6 scrolls of blinking
 P - 8 scrolls of poison
 X - 7 scrolls of butterflies
Potions
 b - 13 potions of lignification
 p - 7 potions of haste
 q - 6 potions of attraction
 s - 14 potions of heal wounds
 u - 3 potions of ambrosia
 A - 8 potions of enlightenment
 C - 6 potions of might
 F - 3 potions of invisibility
 I - 11 potions of mutation
 J - 15 potions of curing
 N - 4 potions of cancellation
 T - 3 potions of berserk rage
 Z - 3 potions of resistance
Miscellaneous
 K - a phial of floods
 M - a box of beasts
 U - a phantom mirror


   Skills:
 - Level 16.6 Fighting
 + Level 18.4 Armour
 + Level 17.2 Dodging
 - Level 14.4 Shields
 + Level 23.3 Unarmed Combat
 * Level 9.7 Spellcasting
 - Level 5.0 Evocations
 + Level 25.3 Shapeshifting


You had 45 spell levels left.
You didn't know any spells.
Your spell library contained the following spells:

 Spells                   Type           Power      Damage    Failure   Level
 Apportation              Tloc           8%         N/A       67%         1
 Freeze                   Ice            16%        1d4       67%         1
 Magic Dart               Conj           16%        1d3       67%         1
 Necrotise                Necr           16%        1d4       67%         1
 Sandblast                Erth           8%         2d5       67%         1
 Shock                    Conj/Air       16%        1d4       67%         1
 Slow                     Hex            16%        N/A       67%         1
 Sting                    Tmut/Pois      16%        1d3       67%         1
 Summon Small Mammal      Summ           16%        N/A       67%         1
 Blink                    Tloc           8%         N/A       82%         2
 Cigotuvi's Dreadful Rot  Necr/Pois/Air  8%         N/A       82%         2
 Ensorcelled Hibernation  Hex/Ice        8%         N/A       82%         2
 Passwall                 Tmut/Erth      3%         N/A       82%         2
 Poisonous Vapours        Pois/Air       8%         N/A       82%         2
 Scorch                   Fire           14%        2d5       82%         2
 Searing Ray              Conj           8%         2d4       82%         2
 Sublimation of Blood     Necr           4%         N/A       82%         2
 Call Canine Familiar     Summ           4%         N/A       96%         3
 Confusing Touch          Hex            4%         N/A       96%         3
 Frozen Ramparts          Ice            8%         1d2       96%         3
 Gell's Gravitas          Tloc           4%         N/A       96%         3
 Hailstorm                Conj/Ice       4%         3d4       96%         3
 Ignite Poison            Fire/Tmut/Pois 7%         N/A       96%         3
 Inner Flame              Hex/Fire       7%         N/A       96%         3
 Portal Projectile        Hex/Tloc       8%         N/A       96%         3
 Stone Arrow              Conj/Erth      8%         3d7       96%         3
 Summon Guardian Golem    Hex/Summ       4%         N/A       96%         3
 Swiftness                Air            4%         N/A       96%         3
 Teleport Other           Tloc           4%         N/A       96%         3
 Tukima's Dance           Hex            4%         N/A       96%         3
 Vampiric Draining        Necr           4%         2d6       96%         3
 Vhi's Electric Charge    Tloc/Air       8%         N/A       96%         3
 Volatile Blastmotes      Fire/Tloc      14%        2d11      96%         3
 Airstrike                Air            2%         2d(1-17)  100%        4
 Anguish                  Hex/Necr       2%         N/A       100%        4
 Animate Armour           Summ/Erth      8%         N/A       100%        4
 Animate Dead             Necr           4%         N/A       100%        4
 Cause Fear               Hex            2%         N/A       100%        4
 Flame Wave               Conj/Fire      7%         2d5       100%        4
 Fulminant Prism          Conj/Hex       2%         3d5       100%        4
 Iskenderun's Mystic Bla  Conj/Tloc      4%         2d3       100%        4
 Leda's Liquefaction      Hex/Erth       2%         N/A       100%        4
 Manifold Assault         Tloc           4%         N/A       100%        4
 Olgreb's Toxic Radiance  Pois           4%         N/A       100%        4
 Petrify                  Tmut/Erth      4%         N/A       100%        4
 Sticky Flame             Conj/Fire      7%         2d3       100%        4
 Summon Ice Beast         Ice/Summ       4%         N/A       100%        4
 Summon Lightning Spire   Summ/Air       4%         N/A       100%        4
 Agony                    Necr           4%         N/A       100%        5
 Alistair's Intoxication  Tmut/Pois      2%         N/A       100%        5
 Arcjolt                  Conj/Air       2%         1d12      100%        5
 Borgnjor's Vile Clutch   Necr/Erth      2%         N/A       100%        5
 Freezing Cloud           Conj/Ice/Air   2%         6-21      100%        5
 Irradiate                Conj/Tmut      2%         3d12      100%        5
 Lee's Rapid Deconstruct  Erth           2%         3d4*      100%        5
 Metabolic Englaciation   Hex/Ice        2%         N/A       100%        5
 Summon Forest            Summ/Tloc      2%         N/A       100%        5
 Summon Mana Viper        Hex/Summ       4%         N/A       100%        5
 Yara's Violent Unravell  Hex/Tmut       2%         3d3       100%        5
 Death Channel            Necr           2%         N/A       100%        6
 Dispersal                Tloc           2%         N/A       100%        6
 Leda's Unmaking          Conj/Erth      2%         9d1       100%        6
 Plasma Beam              Fire/Air       3%         2x1d13    100%        6
 Simulacrum               Ice/Necr       2%         N/A       100%        6
 Summon Cactus Giant      Summ           2%         N/A       100%        6
 Enfeeble                 Hex            2%         N/A       100%        7
 Haunt                    Necr/Summ      2%         N/A       100%        7
 Borgnjor's Revivificati  Necr           2%         N/A       100%        8
 Infestation              Necr           2%         N/A       100%        8
 Death's Door             Necr           2%         N/A       100%        9
 Fire Storm               Conj/Fire      3%         8d1       100%        9


Dungeon Overview and Level Annotations

Branches:
Dungeon (15/15)            Temple (1/1) D:5            Lair (5/5) D:10
 Shoals (4/4) Lair:3        Snake (4/4) Lair:2        Slime (5/5) Lair:5
    Orc (2/2) D:11            Elf (3/3) Orc:2        Vaults (5/5) D:13
  Crypt (3/3) Vaults:2       Tomb (0/3) Crypt:3      Depths (4/4) D:15
   Hell (visited)             Dis (0/7) Hell            Geh (0/7) Hell
    Coc (0/7) Hell            Tar (0/7) Hell            Zot (5/5) Depths:4
Ossuary (visited)           IceCv (visited)         Volcano (visited)
 WizLab (visited)         Gauntlet (visited)

Altars:
Ashenzari
Cheibriados
Dithmenos
Elyvilon
Fedhas
Gozag
Hepliaklqana
Kikubaaqudgha
Makhleb
Nemelex Xobeh
Okawaru
Qazlal
Ru
Sif Muna
Trog
Uskayaw
Vehumet
Wu Jian
Xom
Yredelemnul
Zin
The Shining One
Jiyva
Lugonu

Shops:
D:1 *   D:6 (   D:10 [:!   D:11 *   D:12 !   D:13 ([   Orc:1 :   Orc:2 [(:!
Elf:1 (   Elf:3 ?   Snake:1 :=:   Snake:2 =   Snake:4 *   Vaults:1 *
Vaults:2 *:(   Vaults:3 ?[(*([

Portals:
Hell: Depths:1 Depths:2 Depths:3 Depths:4
Abyss: Slime:1 Zot:1 Depths:1 Depths:2 Depths:3 Depths:4
Pandemonium: Depths:1 Depths:2
Ziggurat: Depths:3

Annotations:
D:2 Sigmund
D:14 3 runed translucent doors, Xeocothro's ghost, journeyman GrEE
Vaults:1 2 transporters, qborf's ghost, adept SpHs
Zot:1 2 transporters, Beuseq's ghost, master GnFi


Innate Abilities, Weirdness & Mutations

You are an undying horror.
Your melee and unarmed attacks drain, slow and weaken victims.
You are immune to unholy pain and torment.
You cannot drink.
You are immune to poison.
You are too large for most types of armour.
You have claws for hands.
Your natural rate of healing is unusually fast.
You are covered in fur. (AC +1)
You have tough skin. (AC +1)
You have sharp toenails.
You possess an exceptional clarity of mind.
You are robust. (+10% HP)


Message History

Press: ? - help, Dir - move target You repeatedly attack Vaomur from above, with incredible momentum.
You mangle Vaomur!!
Vaomur decays.
Your kick misses Vaomur.
Vaomur is moderately wounded.
You scratch Vaomur.
Vaomur decays.
You claw Vaomur.
Vaomur is moderately wounded.
You eviscerate Vaomur!!!
Vaomur decays.
You claw Vaomur.
Vaomur is heavily wounded.
Your supernatural speed expires.
You are engulfed in seething chaos.
You shrug off the repeated paralysis!
You block the reaper's attack.
The reaper draws a finger across its throat.
Vaomur hits you but does no damage.
The reaper hits you from afar with a +1 scythe of pain!
A soul eater comes into view.
The reaper is engulfed in seething chaos.
The reaper hits you from afar with a +2 scythe of protection.
You block Vaomur's attack.
You eviscerate Vaomur!!!
Vaomur decays.
You claw Vaomur, but do no damage.
Vaomur is almost dead.
You block Vaomur's attack.
The reaper is engulfed in seething chaos.
The reaper goes berserk!
The reaper hits you from afar with a +2 scythe of protection!!
* * * LOW HITPOINT WARNING * * *
The reaper misses you.
You eviscerate Vaomur!!!
You kill Vaomur!
The Council accepts your kill.
You are engulfed in seething chaos.
You suddenly lose the ability to move!
The reaper is engulfed in seething chaos.
The reaper seems to slow down.
The reaper hits you from afar with a +2 scythe of protection!!!
* * * LOW HITPOINT WARNING * * *
The reaper hits you from afar with a +1 scythe of pain!!
* * * LOW HITPOINT WARNING * * *
You are engulfed in seething chaos.
The reaper is no longer moving slowly.
The reaper is engulfed in seething chaos.
The reaper seems to speed up.
The reaper hits you from afar with a +2 scythe of protection!!
You die...

... ...
##.##
#...#
#..$#
#...#
#...#
#§z§#
#§..#
#2§2#
#2###3#
#. .#
#. .# #
##


You could see 3 reapers and a soul eater.

Vanquished Creatures
  the Royal Jelly (Slime:5)
  9 ancient liches
  6 dread liches
  Tiamat (Zot:2)
  6 orbs of fire
  Mennas (Vaults:4)
  3 juggernauts
  Mara (Depths:2)
  2 pandemonium lords (Pan)
  A royal mummy (Crypt:1)
  Josephina (Depths:4)
  Vv (Depths:2)
  Parghit (Zot:4)
  5 Killer Klowns
  Bai Suzhen (Shoals:3)
  Saint Roka (Elf:2)
  Margery (Vaults:5)
  Vashnia (Snake:4)
  8 golden dragons
  Geryon (Hell)
  3 caustic shrikes (Depths:3)
  2 curse toes
  The ghost of Zappman123 the Slayer, an adept HOCA of Ashenzari (Vaults:3)
  Jory (Vaults:5)
  Nikola (Shoals:1)
  A profane servitor (Abyss:3)
  4 bone dragons
  4 doom hounds (Depths:2)
  3 electric golems
  A shard shrike zombie (Crypt:1)
  Jorgrun (Orc:1)
  25 Orb Guardians (Zot:5)
  Zenata (Vaults:1)
  A walking crystal tome (WizLab)
  16 tentacled monstrosities
  9 liches
  5 deep elf blademasters
  2 walking frostbound tomes (Depths:2)
  5 titans
  Mlioglotl (Snake:3)
  2 quicksilver dragons
  Asterion (Vaults:1)
  A walking divine tome (Depths:2)
  3 deep elf master archers (Elf:3)
  19 acid blobs
  2 krakens (Shoals:3)
  7 ancient champions
  12 death cobs
  Murray (Depths:2)
  3 Executioners (Pan)
  A thorn hunter (Abyss:3)
  Aizul (Depths:2)
  8 tentacled starspawn (Abyss:3)
  6 sphinxes
  Gastronok (Orc:1)
  Roxanne (Shoals:3)
  Kirke (Shoals:1)
  15 shadow dragons
  5 revenants
  A storm dragon (shapeshifter) (Vaults:5)
  A strange machine (WizLab)
  7 tengu reavers
  Donald (Shoals:2)
  7 draconian monks
  10 rockslimes
  11 azure jellies
  5 fire giants
  4 iron dragons
  24 storm dragons
  4 nagarajas (Snake:4)
  4 demonspawn warmongers (Pan)
  7 draconian knights
  8 deep elf sorcerers
  10 frost giants
  A juggernaut zombie (Abyss:3)
  6 deep elf elementalists (Elf:3)
  5 ghost moths
  4 draconian scorchers
  6 draconian shifters
  14 vault wardens
  2 orc warlords (Vaults:4)
  3 balrugs
  9 draconian stormcallers
  9 ghouls
  11 ironbound preservers
  A spriggan defender (Depths:2)
  2 curse skulls (Crypt:3)
  4 war gargoyles
  8 quicksilver oozes
  7 reapers
  14 stone giants
  5 draconian annihilators
  A cacodemon (Pan)
  A demonspawn blood saint (Pan)
  9 very ugly things
  6 formless jellyfish
  11 vampire knights
  9 green draconians
  6 ironbound thunderhulks
  11 red draconians
  12 black draconians
  10 deep elf annihilators
  5 deep elf demonologists
  15 yellow draconians
  2 lorocyprocas
  A bunyip (Abyss:3)
  A demonspawn black sun (Pan)
  7 dire elephants
  A spectral titan (Crypt:3)
  15 purple draconians
  14 white draconians
  A minotaur (Gauntlet)
  2 iron golems (Depths:2)
  5 deep elf death magi
  3 crystal guardians
  8 eidola
  7 merfolk javelineers
  4 spark wasps (Depths:2)
  3 mummy priests (Crypt:1)
  3 blizzard demons
  10 yaktaur captains
  13 ettins
  8 merfolk impalers
  11 fire dragons
  36 vault guards
  5 spectral spriggans
  4 entropy weavers
  16 great orbs of eyes
  5 deep elf high priests
  A spectral fenstrider witch (Crypt:1)
  9 jiangshi
  3 salamander tyrants (Snake:4)
  13 rakshasas
  11 ice dragons
  3 peacekeepers
  9 hydras
  7 ogre magi
  3 spriggan air magi
  15 centaur warriors
  2 spectral stone giants (Crypt:1)
  4 boulder beetles
  11 two-headed ogres
  A hell beast (Depths:1)
  4 merfolk aquamancers
  10 ironbound frosthearts
  8 anacondas
  2 spriggan skeletons (Hell)
  2 death knights (Crypt:1)
  A caustic shrike simulacrum (Depths:4)
  2 alligator snapping turtles
  14 naga warriors
  Erica (Lair:1)
  8 merfolk avatars
  8 deep troll shamans
  5 tengu warriors
  8 deep troll earth magi
  A bennu skeleton (Crypt:3)
  A titan zombie (Crypt:3)
  6 death yaks (Lair:4)
  A spectral naga (Crypt:1)
  7 thrashing horrors (Abyss:3)
  31 dancing weapons
  9 spriggan berserkers
  10 naga sharpshooters
  5 shock serpents
  32 hell knights
  7 vampire magi
  A spectral emperor scorpion (Crypt:1)
  14 sun demons
  5 spriggans
  15 deep elf knights
  A fire crab (shapeshifter) (Vaults:5)
  5 wretched stars (Abyss:3)
  A titan skeleton (Depths:1)
  7 soul eaters
  6 salamander mystics
  26 skeletal warriors
  11 shadow wraiths
  A spectral bunyip (Crypt:1)
  Nergalle (Orc:2)
  9 iron trolls
  10 skysharks
  A spatial maelstrom (Abyss:3)
  2 sixfirhies (Pan)
  11 sea snakes
  7 glowing orange brains
  35 deep trolls
  A kraken simulacrum (Shoals:4)
  2 bog bodies (Crypt:1)
  2 orange crystal statues
  15 flayed ghosts
  A swamp dragon (Abyss:3)
  An obsidian statue (Crypt:1)
  10 wizards
  35 starcursed masses (Abyss:3)
  3 orc knights
  A spectral iron dragon (Crypt:1)
  4 naga ritualists
  33 phantasmal warriors
  7 deep elf archers
  18 ironbound convokers
  An iron giant zombie (Crypt:2)
  59 ugly things
  38 harpies
  8 lindwurms
  6 shining eyes
  A wolf spider (D:15)
  25 deep elf pyromancers
  A wolf spider (shapeshifter) (Depths:3)
  11 necromancers
  A wolf spider zombie (Crypt:3)
  31 deep elf zephyrmancers
  A fire giant zombie (Depths:1)
  10 mana vipers
  A jorogumo zombie (Crypt:3)
  17 manticores
  A glowing shapeshifter (Vaults:5)
  14 cyclopes
  2 worldbinders (Abyss:3)
  A spectral ettin (Crypt:1)
  6 orc sorcerers
  A spectral centaur (Crypt:1)
  21 salamanders
  37 moths of wrath
  A spectral alligator snapping turtle (Crypt:1)
  9 elephants
  A spectral fire dragon (Crypt:1)
  A stone giant skeleton (Crypt:2)
  A water nymph (shapeshifter) (Vaults:5)
  19 vault sentinels
  37 black mambas
  8 guardian serpents
  9 rust devils
  3 fauns (Shoals:1)
  2 centaur zombies (D:15)
  5 merfolk sirens
  4 apocalypse crabs (Abyss:3)
  3 molten gargoyles (Hell)
  13 naga magi
  13 smoke demons
  2 centaur skeletons (D:15)
  A dire elephant skeleton (Hell)
  A torpor snail (Lair:5)
  4 eyes of devastation
  14 large abominations (Abyss:3)
  2 water nymphs
  3 orange demons
  A hellion (Depths:3)
  18 rime drakes
  11 cane toads
  4 unseen horrors
  Psyche (D:8)
  3 kobold demonologists
  16 freezing wraiths
  5 efreet
  31 yaktaurs
  2 red devils
  13 komodo dragons
  A golden dragon simulacrum (Depths:4)
  9 guardian mummies (Crypt:1)
  2 ice devils
  4 tengu conjurers
  3 tormentors
  An anaconda simulacrum (Shoals:1)
  A harpy zombie (Hell)
  4 wind drakes
  6 trolls
  7 hornets
  2 ancient zymes (Abyss:3)
  25 merfolk
  23 polar bears
  2 spectral harpies (Crypt:1)
  A hydra zombie (Crypt:2)
  A troll (shapeshifter) (D:15)
  17 dream sheep
  4 raiju (Abyss:3)
  19 blink frogs
  A radroach zombie (Crypt:3)
  9 hellwings
  A blink frog (shapeshifter) (D:14)
  16 snapping turtles
  2 air elementals
  29 water elementals
  119 slime creatures
  A culicivora (Vaults:3)
  A fire dragon skeleton (Hell)
  14 wraiths
  9 flying skulls (Crypt:3)
  8 wyverns
  23 shadows
  3 ynoxinuls
  3 fire elementals
  8 fire bats
  65 yaks
  5 vampires
  A basilisk (shapeshifter) (Vaults:4)
  A golden eye (shapeshifter) (Depths:3)
  10 golden eyes
  3 neqoxecs (Abyss:3)
  23 vampire mosquitoes
  5 basilisks
  2 alligator snapping turtle simulacra (Shoals:4)
  2 steam dragons
  2 sea snake simulacra (Shoals:4)
  6 chaos spawn
  3 harpy simulacra (Shoals:4)
  2 wargs (Orc:2)
  2 death yak simulacra (Shoals:4)
  A water nymph zombie (Crypt:1)
  4 redbacks
  8 spatial vortices (Abyss:3)
  A swamp worm (shapeshifter) (Depths:3)
  3 minotaur simulacra (Shoals:1)
  3 acid dragons
  31 nagas
  6 hell hounds
  A naga skeleton (Hell)
  A deep troll skeleton (Crypt:2)
  17 water moccasins
  A cane toad skeleton (Crypt:3)
  18 orc warriors
  An elephant zombie (Crypt:2)
  2 ice beasts
  3 black bears
  2 alligator simulacra (Shoals:1)
  2 spriggan simulacra
  8 ogres
  13 centaurs
  11 boggarts
  11 wolves
  A dream sheep skeleton (Crypt:1)
  A rime drake zombie (Crypt:1)
  A rime drake skeleton (Crypt:3)
  4 kobold brigands
  A deep troll simulacrum (Shoals:1)
  2 necrophages (Crypt:1)
  2 scorpions (D:5)
  17 bullfrogs
  3 faun simulacra (Shoals:4)
  A cyclops zombie (Crypt:2)
  2 gnoll sergeants
  2 merfolk simulacra (Shoals:4)
  9 wights
  A queen bee zombie (Crypt:3)
  A lindwurm simulacrum (Shoals:1)
  7 small abominations (Abyss:3)
  A warg skeleton (Crypt:2)
  8 killer bees (D:9)
  A polar bear skeleton (Crypt:3)
  4 snapping turtle simulacra (Shoals:4)
  2 manticore simulacra (Shoals:4)
  5 electric eels
  A human zombie (Crypt:2)
  2 lava snakes (D:9)
  A quasit (Abyss:3)
  4 hounds
  4 iron imps (Abyss:3)
  2 gnoll boudas
  2 jellies
  12 orc priests
  A basilisk skeleton (Crypt:3)
  Jessica (D:2)
  2 iguanas (D:5)
  A sleepcap (D:6)
  A cyclops simulacrum (Shoals:4)
  35 orc wizards
  16 hell rats
  A boggart skeleton (Crypt:1)
  An acid dragon zombie (Crypt:1)
  2 centaur simulacra
  A deep dwarf zombie (Crypt:2)
  A boggart simulacrum (D:15)
  8 mummies (Ossuary)
  16 gnolls
  8 adders
  2 shadow imps
  A steam dragon skeleton (Crypt:1)
  5 white imps
  4 ufetubi
  A dart slug (D:3)
  81 orcs
  6 bats
  7 endoplasms
  3 giant cockroaches
  4 gnoll zombies (Ossuary)
  4 goblins
  8 hobgoblins
  8 jackals
  3 quokkas
  3 training dummies (D:6)
  6 ball pythons
  6 frilled lizards
  2 hobgoblin zombies (Ossuary)
  15 kobolds
  A kobold zombie (Ossuary)
  An orc zombie (Ossuary)
  A quokka skeleton (Crypt:1)
  9 rats
  A spectral weapon (Vaults:5)
  A starspawn tentacle (Abyss:3)
  6 tentacles
2904 creatures vanquished.

Vanquished Creatures (others)
  A fire giant (Depths:2)
  A frost giant (Shoals:4)
  A green death (Pan)
  A blizzard demon (Pan)
  A caustic shrike simulacrum (Depths:4)
  2 sun demons (Pan)
  A harpy (Shoals:1)
  A deep elf zephyrmancer (Elf:2)
  A storm dragon simulacrum (Depths:4)
  An ice devil (Hell)
  A wolf spider simulacrum (D:15)
  A dream sheep (Shoals:1)
  2 ynoxinuls (Pan)
  4 chaos spawn (Pan)
  An orc wizard (Orc:1)
  2 lurking horrors
  10 starspawn tentacles (Abyss:3)
  9 tentacles
41 creatures vanquished.

Grand Total: 2945 creatures vanquished

Notes
Turn   | Place    | Note
-------+----------+-------------------------------------------
     0 | D:1      | throwaway the Troll Shapeshifter began the quest for the
                  | Orb.
     0 | D:1      | Reached XP level 1. HP: 18/18 MP: 0/0
    60 | D:1      | Reached skill level 1 in Fighting
   140 | D:1      | Found a faded altar of an unknown god.
   156 | D:1      | Reached XP level 2. HP: 27/27 MP: 1/1
   295 | D:1      | Found Toqommon's Assorted Antiques.
   298 | D:1      | Bought 2 scrolls labelled SIWUCI USKISIP for 54 gold pieces
   596 | D:2      | Noticed Sigmund
   670 | D:2      | Reached XP level 3. HP: 33/33 MP: 2/2
  1176 | D:2      | Noticed Jessica
  1180 | D:2      | Killed Jessica
  1181 | D:2      | Reached XP level 4. HP: 42/42 MP: 3/3
  1514 | D:3      | Found an opulent altar of Gozag.
  1536 | D:3      | Found a sacrificial altar of Ru.
  1565 | D:3      | You fall into a shaft and drop 1 floor!
  1684 | D:4      | Reached XP level 5. HP: 26/48 MP: 4/4
  1771 | D:4      | Reached XP level 6. HP: 44/59 MP: 5/5
  2016 | D:3      | Reached skill level 4 in Shapeshifting
  2043 | D:3      | Found a glowing golden altar of the Shining One.
  2950 | D:1      | Bought a scratched sapphire ring for 135 gold pieces
  3422 | D:5      | Entered Level 5 of the Dungeon
  3451 | D:5      | Reached XP level 7. HP: 52/67 MP: 6/6
  3584 | D:5      | Found an ornate altar of the Wu Jian Council.
  3591 | D:5      | Reached skill level 5 in Unarmed Combat
  3756 | D:5      | Found a shimmering blue altar of Sif Muna.
  3838 | D:5      | Found a staircase to the Ecumenical Temple.
  3853 | D:5      | Identified the amulet of Eczynaer {Spirit *Slow Int+7
                  | Dex+4}
  3861 | Temple   | Entered the Ecumenical Temple
  3899 | D:5      | Became a worshipper of the Wu Jian Council
  4275 | D:5      | Reached XP level 8. HP: 72/78 MP: 7/7
  4339 | D:6      | Reached skill level 5 in Shapeshifting
  4370 | D:6      | Found Pizeqol's Firing Range.
  4506 | D:6      | Found a sand-covered staircase.
  4567 | Ossuary  | Entered an ossuary
  4918 | D:1      | Bought a gold wand for 108 gold pieces
  4918 | D:1      | Bought a scroll labelled PEUNYT GETOX for 27 gold pieces
  5176 | D:6      | Reached skill level 5 in Dodging
  5296 | D:6      | Reached * piety under Wu Jian
  5357 | D:6      | Reached XP level 9. HP: 85/85 MP: 8/8
  6354 | D:7      | Reached skill level 5 in Fighting
  6380 | D:7      | Found a snail-covered altar of Cheibriados.
  6430 | D:7      | Identified the +1 spear of the Hugging Gods {heavy, +Blink
                  | rElec Will- Str-3}
  6880 | D:8      | Reached skill level 6 in Shapeshifting
  7221 | D:8      | Found a glowing silver altar of Zin.
  7221 | D:8      | Found a hide-covered altar of Uskayaw.
  7259 | D:8      | Killed an unseen horror
  7340 | D:8      | Reached ** piety under Wu Jian
  7369 | D:8      | Noticed Psyche
  7382 | D:8      | Killed Psyche
  7648 | D:8      | Reached XP level 10. HP: 84/98 MP: 9/9
  8378 | D:9      | Reached skill level 7 in Shapeshifting
  8571 | D:9      | Reached *** piety under Wu Jian
  8800 | D:9      | Found the +5 robe of Night {Dark Will+ SInv}
  8841 | D:9      | Reached skill level 10 in Unarmed Combat
  8957 | D:10     | Entered Level 10 of the Dungeon
  9108 | D:10     | Noticed a two-headed ogre
  9120 | D:10     | Killed a two-headed ogre
  9143 | D:10     | Found a broken altar of Ashenzari.
  9216 | D:10     | Reached XP level 11. HP: 107/107 MP: 10/10
  9367 | D:10     | Identified the +0 ring mail of Jihanun {rElec rPois rN++
                  | rCorr Dex-2}
  9372 | D:10     | Found a staircase to the Lair.
  9455 | D:10     | Found Ezi Jeej's Armour Shoppe.
  9483 | D:10     | Found Guis's Book Emporium.
  9595 | D:10     | Found Bexe's Distillery.
  9616 | D:10     | Bought a potion of cancellation for 112 gold pieces
  9616 | D:10     | Bought a potion of degeneration for 14 gold pieces
 10004 | Lair:1   | Entered Level 1 of the Lair of Beasts
 10284 | Lair:1   | Reached **** piety under Wu Jian
 10285 | Lair:1   | Reached skill level 8 in Shapeshifting
 10682 | Lair:1   | Reached XP level 12. HP: 104/119 MP: 11/11
 10753 | Lair:1   | Noticed Erica
 11088 | Lair:1   | Killed Erica
 11374 | Lair:2   | Noticed a six-headed hydra
 11640 | Lair:2   | Found a staircase to the Snake Pit.
 11936 | Lair:2   | Reached ***** piety under Wu Jian
 12043 | Lair:2   | Reached skill level 9 in Shapeshifting
 12187 | Lair:2   | Killed a 12-headed hydra
 12575 | Lair:3   | Found a gate leading to a gauntlet.
 12587 | Gauntlet | Entered a Gauntlet
 12587 | Gauntlet | Found a transporter.
 12601 | Gauntlet | Found a transporter.
 12613 | Gauntlet | Found a transporter.
 12621 | Gauntlet | Found a transporter.
 12637 | Gauntlet | Found a transporter.
 12650 | Gauntlet | Found a transporter.
 12657 | Gauntlet | Found a transporter.
 12666 | Gauntlet | Found a runed translucent door.
 12672 | Gauntlet | Found a transporter.
 12688 | Gauntlet | Found a transporter.
 12697 | Gauntlet | Noticed a tengu warrior
 12707 | Gauntlet | Found a transporter.
 12712 | Gauntlet | Found a runed translucent door.
 12737 | Gauntlet | Found a transporter.
 12756 | Gauntlet | Found a transporter.
 12767 | Gauntlet | Found a transporter.
 12880 | Gauntlet | Killed a tengu warrior
 12881 | Gauntlet | Reached XP level 13. HP: 113/131 MP: 12/12
 12909 | Gauntlet | Identified the ring of Bakkulee {rF+ MP+9 Str-2 Int+3 SInv}
 13003 | Gauntlet | Noticed a minotaur
 13014 | Gauntlet | Killed a minotaur
 13658 | Lair:3   | Found a staircase to the Shoals.
 14211 | Lair:4   | Reached skill level 10 in Fighting
 14211 | Lair:4   | Reached skill level 10 in Dodging
 14211 | Lair:4   | Reached skill level 10 in Shapeshifting
 14945 | Lair:5   | Entered Level 5 of the Lair of Beasts
 15340 | Lair:5   | Reached XP level 14. HP: 129/144 MP: 13/13
 15403 | Lair:5   | Found a dark tunnel.
 15432 | Volcano  | Entered a volcano
 15575 | Volcano  | Found a burning altar of Makhleb.
 15757 | Lair:5   | Found a staircase to the Slime Pits.
 16047 | Lair:5   | Identified the +2 trident "Beast's Nightmare" {freeze,
                  | Fragile rElec Int+4 Dex+4}
 16686 | D:11     | Found a staircase to the Orcish Mines.
 17063 | D:11     | Reached skill level 11 in Shapeshifting
 17132 | D:11     | Found Toiwoish's Assorted Antiques.
 17139 | D:11     | Bought a scroll of teleportation for 75 gold pieces
 17139 | D:11     | Bought a lumpy red potion for 22 gold pieces
 17190 | D:10     | Bought a potion of experience for 700 gold pieces
 17192 | D:10     | Reached XP level 15. HP: 154/154 MP: 14/14
 17193 | D:10     | Reached skill level 15 in Unarmed Combat
 17193 | D:10     | Reached XP level 16. HP: 162/162 MP: 15/15
 17761 | D:12     | Identified 2 scrolls of acquirement
 17769 | D:11     | Acquired a manual of Fighting
 17771 | D:11     | Acquired the +2 hat "Abledon" {rElec rN+ Int+3 Slay+2}
 17973 | D:12     | Found Asuisyqi's Distillery.
 18397 | D:12     | Found a hide-covered altar of Uskayaw.
 18476 | D:13     | Reached ****** piety under Wu Jian
 18555 | D:13     | Found a gate to the Vaults.
 18564 | D:13     | Reached skill level 12 in Shapeshifting
 18940 | D:13     | Found Myvegrod's Weapon Shoppe.
 19470 | D:13     | Found Nouveuk's Armour Emporium.
 19673 | D:14     | Found a shadowy altar of Dithmenos.
 19989 | D:14     | Noticed a tengu reaver
 19990 | D:14     | Found a runed translucent gate.
 19990 | D:14     | Noticed Xeocothro's ghost (journeyman GrEE)
 20092 | D:14     | Found a runed translucent gate.
 20098 | D:14     | Found a runed translucent gate.
 20514 | Orc:1    | Entered Level 1 of the Orcish Mines
 20518 | Orc:1    | Found Ciseecum's Vocational Training.
 20557 | Orc:2    | Entered Level 2 of the Orcish Mines
 20584 | Orc:1    | Noticed Jorgrun
 20588 | Orc:1    | Killed Jorgrun
 21038 | Orc:2    | Found a staircase to the Elven Halls.
 21054 | Orc:2    | Reached XP level 17. HP: 175/175 MP: 16/16
 21224 | Orc:2    | Found an ancient bone altar of Kikubaaqudgha.
 21224 | Orc:2    | Noticed Nergalle
 21228 | Orc:2    | Killed Nergalle
 21248 | Orc:2    | Found Cayxzy's Antique Weapon Shop.
 21249 | Orc:2    | Found a radiant altar of Vehumet.
 21273 | Orc:2    | Found Puceni's Book Boutique.
 21278 | Orc:2    | Found Ymoasy's Distillery.
 21354 | Orc:2    | Found Xunil's Antique Armour Boutique.
 21845 | Orc:1    | Noticed Gastronok
 21854 | Orc:1    | Killed Gastronok
 22118 | D:15     | Entered Level 15 of the Dungeon
 22303 | D:15     | Reached skill level 13 in Shapeshifting
 22303 | D:15     | Reached XP level 18. HP: 185/185 MP: 17/17
 22623 | D:15     | Found a transporter.
 22623 | D:15     | Identified the ring "Ibuba" {Dex+4 Slay+4}
 22698 | D:15     | Found a basalt altar of Yredelemnul.
 22844 | D:15     | Identified the ring of Owotsiza {Fire Str+5}
 22846 | D:15     | Identified the +1 whip of Tartarus {heavy, Drain +Blink
                  | Will+}
 22871 | D:15     | Found a basalt altar of Yredelemnul.
 22961 | D:15     | Identified the ring of Cibiczaq {MP+9 EV+5}
 23123 | D:15     | Found a transporter.
 23138 | D:15     | Found a hazy altar of Hepliaklqana.
 23303 | D:15     | Found a staircase to the Depths.
 23367 | D:15     | Upgraded the game from 0.31-a0-431-g88bdf31460 to
                  | 0.31-a0-435-g2c6fae2916
 23628 | Snake:1  | Entered Level 1 of the Snake Pit
 23943 | Snake:1  | Found Zoumuomn's Book Emporium.
 23943 | Snake:1  | Found Kotwiwe's Book Emporium.
 23944 | Snake:1  | Found Ravatruj's Jewellery Shop.
 23955 | Snake:1  | Bought an amulet of reflection for 390 gold pieces
 24084 | Snake:1  | Reached skill level 14 in Shapeshifting
 25143 | Snake:2  | Reached XP level 19. HP: 150/198 MP: 18/18
 25186 | Snake:2  | Found Acvatukau's Jewellery Boutique.
 25192 | Snake:2  | Bought a granite talisman for 880 gold pieces
 25729 | Snake:3  | Noticed Mlioglotl
 25732 | Snake:3  | Killed Mlioglotl
 26464 | Snake:4  | Entered Level 4 of the Snake Pit
 26639 | Snake:4  | Reached skill level 15 in Shapeshifting
 26832 | Snake:4  | Found Ekheu's Overcharged Wands.
 26906 | Snake:4  | Noticed Vashnia
 26927 | Snake:4  | Killed Vashnia
 26928 | Snake:4  | Reached skill level 1 in Shields
 26932 | Snake:4  | HP: 9/198 [naga sharpshooter/arrow[Vashnia] (13)]
 26943 | Snake:4  | HP: 6/198 [poisoned by a black mamba]
 27726 | Snake:4  | Reached skill level 15 in Fighting
 27729 | Snake:4  | Got a serpentine rune of Zot
 27992 | D:12     | Bought a potion of enlightenment for 60 gold pieces
 27993 | D:12     | Gained mutation: You have sharp toenails. [potion of
                  | mutation]
 27993 | D:12     | Gained mutation: You are robust. (+10% HP) [potion of
                  | mutation]
 27993 | D:12     | Gained mutation: You possess an exceptional clarity of
                  | mind. [potion of mutation]
 28174 | Shoals:1 | Entered Level 1 of the Shoals
 28223 | Shoals:1 | Found a frozen archway.
 28262 | IceCv    | Entered an ice cave
 28531 | IceCv    | Reached skill level 5 in Shields
 28654 | IceCv    | Got the Folio of the Vacuum
 29211 | Shoals:1 | Reached XP level 20. HP: 231/231 MP: 19/19
 29262 | Shoals:1 | Noticed Nikola
 29269 | Shoals:1 | Killed Nikola
 29332 | Shoals:1 | Noticed Kirke
 29335 | Shoals:1 | Killed Kirke
 29710 | Shoals:2 | Identified the +0 kite shield of the First Snow {Regen+
                  | Dex-4 Stlth+}
 29710 | Shoals:2 | Noticed Donald
 29719 | Shoals:2 | Killed Donald
 30230 | Shoals:3 | Noticed Roxanne
 30314 | Shoals:3 | Noticed Bai Suzhen
 30321 | Shoals:3 | Killed Bai Suzhen
 30541 | Shoals:3 | Reached skill level 16 in Shapeshifting
 30545 | Shoals:3 | Acquired the +6 kite shield "Eregairo" {rPois Int+3 SInv}
 30834 | Shoals:3 | Killed Roxanne
 30873 | Shoals:4 | Entered Level 4 of the Shoals
 30897 | Shoals:4 | Found the ring of Shadows {Umbra +Inv Stlth+}
 30898 | Shoals:4 | Found a runed translucent gate.
 30898 | Shoals:4 | Found a runed translucent gate.
 30898 | Shoals:4 | Found a runed translucent gate.
 30908 | Shoals:4 | Identified the +6 whip of Ambiguity {elec, rN++ Int+4
                  | Dex-3}
 31372 | Shoals:4 | Got a barnacled rune of Zot
 31696 | Shoals:4 | Got the Discourse on Red Darkness
 31972 | Vaults:1 | Entered Level 1 of the Vaults
 31975 | Vaults:1 | Found Xeifa's General Store.
 32267 | Vaults:1 | Noticed Zenata
 32329 | Vaults:1 | Killed Zenata
 32330 | Vaults:1 | Reached skill level 10 in Shields
 33024 | Vaults:1 | Found a portal to a secret trove of treasure.
 33198 | Vaults:1 | Noticed Asterion
 33222 | Vaults:1 | Found a transporter.
 33251 | Vaults:1 | Noticed qborf's ghost (adept SpHs)
 33272 | Vaults:1 | Found a transporter.
 33403 | Vaults:1 | Killed Asterion
 33404 | Vaults:1 | Reached XP level 21. HP: 240/240 MP: 20/20
 33615 | Vaults:2 | Found Poufaoc's Antique Weapon Emporium.
 33621 | Vaults:2 | Found a staircase to the Crypt.
 33682 | Vaults:2 | Found a magical portal.
 33721 | WizLab   | Entered Tukima's Studio
 33758 | WizLab   | Identified the +5 hand crossbow of the Sharing Coward
                  | {speed, rF- Will+++ Dex-5 Stlth+}
 33911 | WizLab   | Noticed throwaway's illusion
 34044 | Vaults:2 | Found Nunaesh's Book Shop.
 34623 | Vaults:2 | Found Gugir's General Store.
 34631 | Vaults:2 | Bought a potion of heal wounds for 80 gold pieces
 35097 | Vaults:3 | Found Puzuppure's Armour Shop.
 35104 | Vaults:3 | Reached skill level 17 in Shapeshifting
 35207 | Vaults:3 | Found a large runed translucent door.
 35207 | Vaults:3 | Found a large runed translucent door.
 35208 | Vaults:3 | Noticed Zappman123's ghost (adept HOCA)
 35379 | Vaults:3 | Found Veyfonua's Antique Weapon Shoppe.
 35389 | Vaults:3 | Found Semehy's Antique Armour Shoppe.
 35411 | Vaults:3 | Bought a glowing cloak for 247 gold pieces
 35945 | Vaults:3 | Found Qado's Magic Scroll Shoppe.
 36050 | Vaults:3 | Found Niwuz's Antique Weapon Emporium.
 36074 | Vaults:3 | Found Mihabir's Assorted Antiques.
 36172 | Vaults:3 | Killed Zappman123's ghost
 36394 | Elf:1    | Entered Level 1 of the Elven Halls
 36707 | Elf:1    | Reached XP level 22. HP: 250/250 MP: 21/21
 37112 | Elf:1    | Found Zinam's Weapon Shoppe.
 37233 | Elf:1    | Reached skill level 18 in Shapeshifting
 37454 | Elf:2    | Noticed Saint Roka
 37469 | Elf:2    | Killed Saint Roka
 37802 | Elf:2    | Found a runed translucent gate.
 37802 | Elf:2    | Found a runed translucent gate.
 37802 | Elf:2    | Found a runed translucent gate.
 38088 | Elf:2    | Reached skill level 19 in Shapeshifting
 38208 | Elf:3    | Entered Level 3 of the Elven Halls
 38698 | Elf:3    | Found Fasituu's Magic Scroll Shoppe.
 39244 | Abyss:3  | Cast into level 3 of the Abyss (a deep elf sorcerer)
 39364 | Elf:3    | Escaped the Abyss
 39413 | Elf:3    | Identified the ring "Ipheuqos" {rC+ Slay+4}
 39536 | Elf:3    | Identified the ring "Nojes" {rCorr Str+3}
 39553 | Elf:3    | Got Sif Muna's Spellbook of the Fetching Tektite
 39572 | Elf:3    | Identified the ring of Cigiurud {rC++ rCorr Str+5}
 39684 | Elf:3    | Identified the ring of Democracy {Fly rN+}
 39833 | Elf:3    | Bought a scroll of acquirement for 1092 gold pieces
 39833 | Elf:3    | Acquired 632 gold pieces
 40172 | Vaults:4 | Reached skill level 20 in Shapeshifting
 40412 | Vaults:4 | Reached XP level 23. HP: 260/260 MP: 22/22
 40484 | Vaults:4 | Identified the +0 robe of Gehenna {*Slow Will+ Int+4}
 41290 | Depths:1 | Entered Level 1 of the Depths
 41347 | Depths:1 | Found a corrupted altar of Lugonu.
 41349 | Depths:1 | Found a one-way gate to the infinite horrors of the Abyss.
 41579 | Depths:1 | Found a gateway to Hell.
 41620 | Depths:1 | Found a transporter.
 41698 | Depths:1 | Found a one-way gate leading to the halls of Pandemonium.
 41768 | Depths:1 | Found a sparkling altar of Nemelex Xobeh.
 42058 | Depths:2 | Noticed Aizul
 42062 | Depths:2 | Killed Aizul
 42082 | Depths:2 | Noticed Vv
 42221 | Depths:2 | Killed Vv
 42407 | Depths:2 | Reached skill level 1 in Evocations
 42596 | Depths:2 | Noticed Mara
 42602 | Depths:2 | Killed Mara
 42662 | Depths:2 | Found an opulent altar of Gozag.
 42791 | Depths:2 | Acquired 636 gold pieces
 43163 | Vaults:1 | You paid a toll of +3 storm dragon scales to enter a
                  | treasure trove
 43164 | Trove    | Entered a treasure trove
 43174 | Trove    | Identified the ring of Untruth {Wiz rF- Str+3 Stlth+}
 43178 | Trove    | Identified the ring "Ytedujoy" {rC+ rN+ Slay+3 SInv}
 43182 | Trove    | Identified the ring of Conversion {*Corrode rC+ EV+5 Dex+4
                  | SInv}
 43194 | Trove    | Identified the amulet of Zoamyupn {Will+ Regen+}
 43213 | Trove    | Identified the amulet "Foesitse" {Faith rN+}
 43559 | Snake:2  | Bought a talisman of death for 1250 gold pieces
 44014 | Crypt:1  | Entered Level 1 of the Crypt
 44022 | Crypt:1  | Reached skill level 1 in Armour
 44025 | Crypt:1  | Reached skill level 21 in Shapeshifting
 44615 | Crypt:1  | Reached XP level 24. HP: 272/272 MP: 22/22
 44908 | Crypt:1  | Noticed a royal mummy
 44915 | Crypt:1  | Killed a royal mummy
 45080 | Crypt:2  | Reached skill level 5 in Armour
 45162 | Crypt:2  | Got the Atlas of Debased Spells
 45499 | Crypt:3  | Entered Level 3 of the Crypt
 45506 | Crypt:3  | Reached skill level 5 in Evocations
 45506 | Crypt:3  | Noticed a dread lich
 45512 | Crypt:3  | Killed a dread lich
 45692 | Crypt:3  | Found an ancient bone altar of Kikubaaqudgha.
 45707 | Crypt:3  | Found a staircase to the Tomb.
 45842 | Crypt:3  | Found a basalt altar of Yredelemnul.
 46001 | Crypt:3  | Reached skill level 10 in Armour
 46088 | Crypt:3  | Identified the +0 scale mail "Pyjib" {Fly rElec Int+3}
 46150 | Crypt:3  | Got the Disquisition on Open Graves
 46329 | Crypt:3  | Identified the staff of Articulation {rElec Int-2 Stlth+
                  | Summ Air}
 47851 | Depths:3 | Reached XP level 25. HP: 283/283 MP: 22/22
 48125 | Depths:3 | Found a one-way gateway to a ziggurat.
 48348 | Depths:3 | Noticed an ancient lich
 48355 | Depths:3 | Killed an ancient lich
 48356 | Depths:3 | Noticed a juggernaut
 48358 | Depths:3 | Noticed a juggernaut
 48366 | Depths:3 | Killed a juggernaut
 48370 | Depths:3 | Killed a juggernaut
 48393 | Depths:3 | Reached skill level 22 in Shapeshifting
 48444 | Depths:3 | Found the +5 glaive of the Guard {elec, spectral, AC+5}
 48491 | Depths:3 | Identified the +1 shortbow "Ihihit" {heavy, rN+ Will+++
                  | Stlth-}
 48778 | Depths:4 | Entered Level 4 of the Depths
 48874 | Depths:4 | Identified the ring "Inoweshe" {Ice Int-3 Dex+7}
 48874 | Depths:4 | Noticed Josephina
 48892 | Depths:4 | Killed Josephina
 49193 | Depths:4 | Noticed a juggernaut
 49200 | Depths:4 | Killed a juggernaut
 49406 | Depths:4 | Found a broken altar of Ashenzari.
 49504 | Depths:4 | Found a gate to the Realm of Zot.
 49827 | Vaults:5 | Entered Level 5 of the Vaults
 49827 | Vaults:5 | Noticed Mennas
 49827 | Vaults:5 | Noticed Jory
 49924 | Vaults:5 | Identified the ring of the Enemy {rC+ EV+5 Dex+5}
 49997 | Vaults:5 | Killed Jory
 50047 | Vaults:5 | Noticed an ancient lich
 50059 | Vaults:5 | Killed an ancient lich
 50192 | Vaults:5 | Noticed Margery
 50204 | Vaults:5 | Killed Margery
 50332 | Vaults:5 | Reached skill level 23 in Shapeshifting
 50399 | Vaults:5 | Reached XP level 26. HP: 293/293 MP: 22/22
 50460 | Vaults:5 | Noticed a dread lich
 50461 | Vaults:5 | Identified the +2 scale mail "Veewnop" {rC+ rN+ Regen+}
 50479 | Vaults:5 | Killed a dread lich
 50613 | Vaults:4 | Killed Mennas
 50957 | Vaults:5 | Found the +3 warlock's mirror {omnireflect}
 50979 | Vaults:5 | Identified the +0 cloak of Charity {Rampage Will+ Int-2
                  | SInv}
 51127 | Vaults:5 | Got a silver rune of Zot
 51779 | Slime:1  | Entered Level 1 of the Pits of Slime
 52241 | Slime:1  | Found a corrupted altar of Lugonu.
 53625 | Slime:5  | Entered Level 5 of the Pits of Slime
 53737 | Slime:5  | Noticed the Royal Jelly
 53855 | Slime:5  | Reached skill level 1 in Spellcasting
 53912 | Slime:5  | Found a viscous altar of Jiyva.
 54194 | Slime:5  | Reached skill level 15 in Armour
 54382 | Slime:5  | Killed the Royal Jelly
 54575 | Slime:5  | Identified the ring "Noqush" {Fly Will++ MP+9}
 54595 | Slime:5  | Identified the ring of Satyriasis {rN+ Str+5}
 54632 | Slime:5  | Identified the +3 shortbow of Defence by Offence {drain,
                  | +Blink rC+ Will- Int+6}
 54633 | Slime:5  | Identified the +3 mace of Destui {drain, rF- Str+3 Int+9}
 54695 | Slime:5  | Got a slimy rune of Zot
 54697 | Slime:5  | Identified the staff of the Endless Expanse {Dex+3 Earth}
 55841 | Slime:1  | Voluntarily entered the Abyss.
 56124 | Abyss:3  | Reached XP level 27. HP: 303/303 MP: 25/25
 56186 | Abyss:3  | Found a corrupted altar of Lugonu.
 56208 | Abyss:3  | Reached skill level 24 in Shapeshifting
 56236 | Abyss:3  | Paralysed by accursed screaming for 1 turns
 56237 | Abyss:3  | Got an abyssal rune of Zot
 56384 | Slime:1  | Escaped the Abyss
 56764 | Zot:1    | Entered Level 1 of the Realm of Zot
 56958 | Zot:1    | Found a transporter.
 57168 | Zot:1    | Noticed an ancient lich
 57177 | Zot:1    | Killed an ancient lich
 57178 | Zot:1    | Reached skill level 15 in Dodging
 57384 | Zot:1    | Found a transporter.
 57385 | Zot:1    | Noticed an ancient lich
 57399 | Zot:1    | Noticed Beuseq's ghost (master GnFi)
 58155 | Zot:1    | Identified the +1 leather armour of Ixkuid {MP+9 Dex+4}
 58218 | Zot:2    | Found the +4 dragonskin cloak
 58218 | Zot:2    | Noticed Tiamat
 58240 | Zot:2    | Killed Tiamat
 59108 | Vaults:3 | Bought a scroll of acquirement for 2184 gold pieces
 59108 | Vaults:3 | Acquired 733 gold pieces
 59362 | Elf:3    | Bought a scroll of teleportation for 63 gold pieces
 59362 | Elf:3    | Bought a scroll of blinking for 157 gold pieces
 59732 | Snake:1  | Bought the ring "Seworph" {Fire Contam rPois Str+7 SInv}
                  | for 643 gold pieces
 60244 | Vaults:3 | Bought a scroll of teleportation for 45 gold pieces
 60244 | Vaults:3 | Bought a scroll of teleportation for 45 gold pieces
 61130 | Zot:3    | Reached skill level 5 in Spellcasting
 61810 | Zot:4    | Noticed an orb of fire
 61811 | Zot:4    | Killed an orb of fire
 61825 | Zot:4    | Noticed Parghit
 61831 | Zot:4    | Killed Parghit
 61957 | Zot:4    | Identified the +1 cloak of Monotheism {Will+}
 62143 | Zot:4    | Found the +15 Maxwell's patent armour {-Cast -Tele rElec
                  | Will+ rCorr}
 62458 | Zot:5    | Entered Level 5 of the Realm of Zot
 62938 | Zot:5    | Noticed an ancient lich
 62940 | Zot:5    | Killed an ancient lich
 62953 | Zot:5    | Noticed a dread lich
 62954 | Zot:5    | Noticed an orb of fire
 62958 | Zot:5    | Noticed an orb of fire
 62959 | Zot:5    | Killed a dread lich
 62959 | Zot:5    | Noticed a dread lich
 62962 | Zot:5    | Killed an orb of fire
 62964 | Zot:5    | Killed an orb of fire
 62966 | Zot:5    | Killed a dread lich
 62990 | Zot:5    | Noticed an orb of fire
 62992 | Zot:5    | Noticed an orb of fire
 62992 | Zot:5    | Noticed an orb of fire
 62994 | Zot:5    | Killed an orb of fire
 62999 | Zot:5    | Killed an orb of fire
 62999 | Zot:5    | Killed an orb of fire
 63000 | Zot:5    | Noticed an ancient lich
 63001 | Zot:5    | Noticed an ancient lich
 63004 | Zot:5    | Killed an ancient lich
 63006 | Zot:5    | Noticed an ancient lich
 63008 | Zot:5    | Killed an ancient lich
 63010 | Zot:5    | Killed an ancient lich
 63011 | Zot:5    | Noticed a dread lich
 63011 | Zot:5    | Noticed an ancient lich
 63014 | Zot:5    | Noticed an ancient lich
 63014 | Zot:5    | Killed a dread lich
 63015 | Zot:5    | Reached skill level 25 in Shapeshifting
 63016 | Zot:5    | Killed an ancient lich
 63019 | Zot:5    | Killed an ancient lich
 63432 | Hell     | Entered the Vestibule of Hell
 63432 | Hell     | Noticed Geryon
 63461 | Hell     | Noticed Murray
 63804 | Depths:2 | Killed Murray
 63888 | Abyss:3  | Cast into level 3 of the Abyss (hell knight)
 63901 | Abyss:3  | Found a corrupted altar of Lugonu.
 64105 | Abyss:3  | Noticed a dread lich
 64109 | Abyss:3  | Killed a dread lich
 64144 | Hell     | Escaped the Abyss
 64284 | Hell     | Found a gateway to the freezing wastes of Cocytus.
 64390 | Hell     | Killed Geryon
 64489 | Hell     | Found a gateway to the ashen valley of Gehenna.
 64633 | Hell     | Found a gateway to the Iron City of Dis.
 64752 | Hell     | Found a gateway to the decaying netherworld of Tartarus.
 64884 | Pan      | Entered Pandemonium
 64918 | Pan      | Noticed Kuazait the pandemonium lord
 64931 | Pan      | Killed Kuazait the pandemonium lord
 65005 | Pan      | Noticed Vaomur the pandemonium lord
 65009 | Pan      | Paralysed by you for 5 turns
 65018 | Pan      | Killed Vaomur the pandemonium lord
 65018 | Pan      | Paralysed by you for 3 turns
 65018 | Pan      | HP: 15/303 [reaper/+1 scythe of pain (18)]
 65019 | Pan      | Slain by a reaper

Illustrated notes

Levels and vault maps discovered:
D:1:      psy_arrival_conway, layout_rooms, ebering_ecumenical_altar_ruins,
          serial_shops, nicolae_shop_tiny_real_fake_doors
D:2:      layout_basic, serial_bayou, serial_bayou_ford_a, serial_bayou_pond_b,
          serial_bayou_lagoon_a, serial_bayou_shore_a, uniq_sigmund,
          uniq_jessica
D:3:      layout_loops_corners, old_standard_altar,
          mainiacjoe_overflow_catwalk_spiral, minmay_misc_feat_rows
D:4:      layout_loops_ring
D:5:      layout_loops_cross, mainiacjoe_overflow_concentric_impassable,
          mainiacjoe_overflow_catwalk, minmay_temple_entry_stoned_glass,
          minmay_holes
D:6:      layout_basic, nicolae_ossuary_entry_false_entrances,
          nrook_mini_backslash, nicolae_shop_firing_range
D:7:      layout_basic, cheibriados_altar_2
D:8:      layout_loops_ring, minitemple, serial_rivers,
          chequers_serial_rivers_small_a, chequers_serial_rivers_small_b,
          chequers_serial_rivers_small_3, chequers_serial_rivers_small_a,
          chequers_serial_rivers_room_a, uniq_psyche
D:9:      layout_long_grid, hangedman_incinerator
D:10:     layout_rooms, lemuel_tele_altar, erik_lair_dragon, serial_shops,
          nicolae_shop_competitors_out_of_business, shop,
          nicolae_shop_industrial_runoff
D:11:     layout_stronghold, orc_0_dummy, serial_shops,
          nicolae_shop_tiny_statue_garden
D:12:     layout_cave_pools, serial_shops, shop, dancing_weapons_uskayaw
D:13:     layout_stronghold, skrybe_vaults_entry_preservation, serial_shops,
          shop, shop
D:14:     layout_basic, serial_curves, eino_curves_04, eino_curves_02,
          gammafunk_ghost_split, reono_crystal_passage,
          nicolae_dithmenos_the_darkroom
D:15:     hangedman_spin_cycle
Temple:   cyrus_circular_temple
Lair:1:   layout_regular_city, uniq_erica
Lair:2:   layout_roguey, dummy_snake_entry, st_stairs_5, guppyfry_lair_drakes
Lair:3:   layout_hall_layers, minmay_shoals_entry_hut, gauntlet_entry_generic,
          serial_bayou_shore_b
Lair:4:   layout_regular_city, grunt_forest_small_clearings,
          infiniplex_staircase_pool
Lair:5:   gammafunk_lair_ancient_temple, layout_long_grid, slime_entry_1,
          nicolae_volcano_entry_two_sided
Shoals:1: layout_shoals, portal_ice_cave_entry_ice_simulacra, uniq_nikola,
          uniq_kirke
Shoals:2: layout_shoals, uniq_donald
Shoals:3: layout_shoals, uniq_bai_suzhen, uniq_roxanne
Shoals:4: shoals_end_hangedman, layout_shoals, nicolae_shoals_beach_cooler
Snake:1:  layout_cave_pods, serial_bayou_pond_b, grunt_ministairs_7,
          grunt_megastairs_4, minmay_shop_grove, serial_bayou_shore_b
Snake:2:  layout_rooms, serial_shops, shop
Snake:3:  layout_misc_corridors, nicolae_snake_gridmaze_tees, uniq_mlioglotl
Snake:4:  grunt_snake_rune_serpentine_throne, layout_cave_shapes, drop_trap,
          grunt_ministairs_5, nicolae_shop_overcharged_wands, uniq_vashnia
Slime:1:  layout_caves, amcnicky_altar_lugonu_corruption
Slime:2:  layout_caves
Slime:3:  layout_caves
Slime:4:  layout_caves
Slime:5:  slime_pit_nicolae_trefoil
Orc:1:    layout_caves, nicolae_shop_vocational, uniq_gastronok, uniq_jorgrun
Orc:2:    kennysheep_orc_mage_school, layout_caves, basic_altar
Elf:1:    eino_elf_arrival_sip, layout_loops_corners, serial_shops, shop,
          hangedman_elf_represent
Elf:2:    elven_hall_of_blades_hangedman_original
          [nicolae_blade_entry_floor_patterns], layout_geoelf_octagon,
          uniq_saint_roka
Elf:3:    minmay_elf_hall_furrowed, layout_geoelf_castle, serial_shops, shop,
          minivault_16, hex_medium, kb_rosetta
Vaults:1: gammafunk_ghost_mausoleum, nicolae_vaults_cochlea,
          grunt_vaults_bifocal, nicolae_vaults_surprise_closet,
          nicolae_vaults_frosty_reception, nicolae_vaults_hallways_thing,
          v_misc_14, nicolae_vaults_octothorpe,
          nicolae_vaults_trapezoid_lopsided_1, nicolae_vaults_diamond_1,
          nicolae_vaults_surprise_closet, layout_vaults_omnigrid, serial_shops,
          shop, trove_entry_hex_spiral, uniq_asterion, uniq_zenata
Vaults:2: lightli_enter_wizlab_magi_temple, nicolae_vaults_surprise_closet_hard,
          v_misc_1, hangedman_vaults_snaps, v_misc_4, nicolae_vaults_house_3,
          nicolae_vaults_shelves_hall, nicolae_vaults_closet_pinwheel_1,
          nicolae_vaults_apartment_1, ontoclasm_vaults_ring_small,
          nicolae_vaults_surprise_closet, vaults_room_semicircle,
          nicolae_vaults_mini_display_case, layout_vaults_chaotic_city,
          serial_shops, shop, nicolae_shop_pleasant_corner_grove,
          nicolae_diamond_shop
Vaults:3: ebering_ghost_disaster_area, v_misc_4,
          nicolae_vaults_taking_the_gang_shopping, nicolae_vaults_back_hallway,
          hangedman_vaults_locks, hangedman_vaults_slice,
          nicolae_vaults_diamond_2, v_misc_28, v_misc_11,
          nicolae_vaults_diamond_2, nicolae_vaults_shipping_containers_5,
          nicolae_vaults_diagonal_hallway_9,
          nicolae_vaults_offset_grid_hallway_3,
          nicolae_vaults_inception_scallops, vaults_dpeg_ring,
          layout_vaults_omnibox, serial_shops,
          nicolae_shop_tiny_real_fake_doors, shop, shop, shop,
          nicolae_shop_trees
Vaults:4: vaults_standard_mumra_enter_the_diamond,
          nicolae_vaults_security_offices_6,
          vaults_room_grunt_arrival_checkpoint, hangedman_vaults_stagger,
          nicolae_vaults_shrinking_rooms_1, v_misc_5,
          nicolae_vaults_trapezoid_1, nicolae_vaults_trapezoid_lopsided_3,
          hangedman_vaults_cutoff, ontoclasm_vaults_fault, layout_vaults_ring
Vaults:5: uniq_mennas, uniq_margery, uniq_jory
Crypt:1:  lemuel_minitomb, layout_rooms, serial_glass, glass_columns_a,
          glass_columns_a, glass_columns_a, glass_columns_a, glass_columns_b,
          glass_columns_c, glass_columns_a, glass_columns_c, glass_columns_b,
          glass_columns_a, minmay_misc_feat_cross, minivault_19
Crypt:2:  layout_rooms, special_room [special_room_morgue]
Crypt:3:  church_of_pain_bobbens, layout_chaotic_city, weyrava_vampire_temple
Depths:1: layout_cave_pools, nemelex_xobeh_ov_fountains_minmay,
          abyss_entry_flame_altar, hell_entry, grunt_pan_entry_spiral,
          nicolae_diode_basic
Depths:2: nzn_winding_woodlands_large [nzn_winding_woodlands_5x5_open_star,
          nzn_winding_woodlands_5x15_twine, nzn_winding_woodlands_5x5_perimeter,
          nzn_winding_woodlands_center_lodge,
          nzn_winding_woodlands_15x15_thick_spiral,
          nzn_winding_woodlands_center_triple_pond,
          nzn_winding_woodlands_5x5_checkerboard,
          nzn_winding_woodlands_5x15_jagged, nzn_winding_woodlands_5x5_three],
          layout_honeycomb, rand_demon_pan_entry_8, abyss_entry,
          grunt_hell_entry_dis_old,
          nicolae_gozag_cash_rules_everything_around_me, uniq_vv, uniq_aizul,
          uniq_mara
Depths:3: minmay_guarded_unrand_guard, layout_basic, enter_ziggurat_b,
          serial_sigils_hangedman_scratch, pf_vacation_house_of_asmodeus,
          abyss_entry
Depths:4: evilmike_zot_entry_diamond, layout_cave_pools,
          pf_hell_entry_tar_spiral, abyss_entry, ashenzari_conservatory_becter,
          uniq_josephina
Hell
Zot:1:    kennysheep_blocky_hall, layout_gridlike,
          gammafunk_ghost_abyssal_escape, nzn_random_ring
Zot:2:    kennysheep_blocky_room, layout_misc_corridors, uniq_tiamat
Zot:3:    layout_concentric_octagons
Zot:4:    layout_onion_interference, grunt_megastairs_5, uniq_parghit
Zot:5:    layout_twisted_circle
Pan:      evilmike_mini_pan_possible_glass, layout_irregular_city,
          gammafunk_the_bubble [the_bubble_gammafunk_grid], layout_grid_shapes,
          evilmike_mini_pan_corridor, layout_basic, nicolae_pan_cerebovesque_3

Skill      XL: |  1  2  3  4  5  6  7  8  9 10 11 12 13 14 15 16 17 18 19 20 21 22 23 24 25 26 27 |
---------------+----------------------------------------------------------------------------------+-----
Fighting       | 1 2 3 4 5 6 7 9 10 11 12 13 14 15 16 | 16.6
Dodging        | 2 3 4 5 6 7 9 10 11 12 13 14 17 | 17.2
Unarmed Combat | 4 5 6 8 10 12 13 14 15 16 17 18 19 20 21 23 | 23.3
Shapeshifting  | 4 5 6 7 8 9 10 11 12 13 14 15 16 17 20 21 23 25 | 25.3
Shields        | 5 10 13 14 | 14.4
Evocations     | 3 5 |  5.0
Armour         | 4 10 13 15 18 | 18.4
Spellcasting   | 2 9 |  9.7

Action                     |  1- 3 |  4- 6 |  7- 9 | 10-12 | 13-15 | 16-18 | 19-21 | 22-24 | 25-27 || total
---------------------------+-------+-------+-------+-------+-------+-------+-------+-------+-------++-------
  Melee: Unarmed           |    75 |   105 |   278 |   516 |   471 |   719 |  1199 |  1305 |  2741 ||  7409
         Punch             |       |     2 |     3 |    32 |    34 |    69 |    38 |       |       ||   178
         Kick              |       |       |       |       |       |       |   304 |   398 |  1074 ||  1776
   Fire: Sling             |       |    20 |     2 |    25 |       |       |       |       |       ||    47
         Hand crossbow     |       |       |       |       |       |       |    68 |   116 |     5 ||   189
  Throw: Boomerang         |       |       |    20 |    13 |       |       |       |       |       ||    33
         Dart              |       |       |     2 |     2 |       |       |       |       |       ||     4
 Invoke: Heavenly Storm    |       |       |       |       |     1 |     2 |     2 |     1 |     4 ||    10
         Serpent's Lash    |       |       |       |       |     2 |     1 |       |     1 |     3 ||     7
Ability: Begin Untransform |       |     1 |       |       |     1 |       |     3 |     2 |     7 ||    14
         Lunge             |       |       |    39 |    69 |    54 |   122 |   210 |   169 |   346 ||  1009
         Whirlwind         |       |       |    12 |    66 |   114 |   240 |   282 |   317 |   774 ||  1805
         Wall Jump         |       |       |       |       |       |       |       |     1 |     7 ||     8
         Siphon Essence    |       |       |       |       |       |       |       |       |     3 ||     3
  Evoke: Wand              |       |       |       |     4 |     4 |     3 |     2 |       |     2 ||    15
         Box of beasts     |       |       |       |       |     1 |     1 |       |       |       ||     2
    Use: Scroll            |     1 |     4 |    10 |    10 |     4 |     7 |     6 |     9 |    23 ||    74
         Potion            |       |       |     1 |     2 |     5 |     3 |     5 |     1 |     1 ||    18
   Stab: Sleeping          |     1 |     1 |       |     1 |       |     6 |    10 |     9 |       ||    28
         Confused          |       |       |     1 |       |       |       |       |       |       ||     1
         Invisible         |       |       |       |     2 |     5 |       |       |       |       ||     7
         Distracted        |       |       |       |       |     1 |     1 |       |     7 |       ||     9
 Armour: Animal skin       |    18 |    45 |    65 |       |       |       |       |       |       ||   128
         Steam dragon scal |       |       |    19 |    20 |       |       |       |       |       ||    39
         Skin              |       |       |     5 |       |       |       |   305 |   327 |   128 ||   765
         Robe              |       |       |       |    93 |    95 |   145 |    30 |       |       ||   363
         Gold dragon scale |       |       |       |       |       |       |       |       |   677 ||   677
  Dodge: Dodged            |    31 |    46 |   130 |   207 |   191 |   382 |   503 |   369 |   674 ||  2533
  Block: Other             |       |       |       |       |       |     8 |    31 |       |       ||    39
         Reflection        |       |       |       |       |       |     3 |   115 |    67 |       ||   185
         Kite shield       |       |       |       |       |       |       |   746 |   928 |  1306 ||  2980
   Form: Beast             |       |     1 |       |       |     1 |       |       |       |       ||     2
         Blade             |       |       |       |       |     2 |       |     1 |       |       ||     3
                           |       |       |       |       |     2 |       |       |       |       ||     2
         Statue            |       |       |       |       |       |       |     2 |     3 |     2 ||     7
         Death             |       |       |       |       |       |       |       |     1 |     5 ||     6
         Dragon            |       |       |       |       |       |       |       |       |     1 ||     1

Table legend: (Time is in decaauts)
 A = Elapsed time spent in this place.
 B = Non-inter-level travel time spent in this place.
 C = Inter-level travel time spent in this place.
 D = Time resting spent in this place.
 E = Time spent auto-exploring this place.
 F = Levels seen in this place.
 G = Mean time per level.
                   A        B        C        D        E       F      G
               +--------+--------+--------+--------+--------+-----+--------+
         Total |  74287 |  62335 |  11952 |   1824 |  42372 |  69 | 1076.6 |
       Dungeon |  18070 |  13613 |   4457 |    140 |  10653 |  15 | 1204.7 |
        Temple |      1 |      0 |      1 |      0 |      0 |   1 |    1.0 |
          Lair |   6292 |   5319 |    973 |    209 |   3842 |   5 | 1258.4 |
        Shoals |   4116 |   3879 |    237 |      0 |   2508 |   4 | 1029.0 |
     Snake Pit |   4397 |   3728 |    669 |    218 |   2770 |   4 | 1099.2 |
    Slime Pits |   3641 |   3158 |    483 |    203 |   1806 |   5 |  728.2 |
  Orcish Mines |   1661 |   1352 |    309 |      0 |   1029 |   2 |  830.5 |
   Elven Halls |   5138 |   4741 |    397 |     61 |   3661 |   3 | 1712.7 |
        Vaults |  11192 |   8439 |   2753 |    163 |   4817 |   5 | 2238.4 |
         Crypt |   3824 |   3594 |    230 |     55 |   2491 |   3 | 1274.7 |
        Depths |   6922 |   6036 |    886 |    665 |   3909 |   4 | 1730.5 |
          Hell |    553 |    534 |     19 |      0 |    350 |   1 |  553.0 |
           Zot |   4888 |   4355 |    533 |      2 |   3176 |   5 |  977.6 |
         Abyss |    900 |    900 |      0 |      0 |     63 |   3 |  300.0 |
   Pandemonium |    120 |    120 |      0 |      0 |      8 |   3 |   40.0 |
         Trove |    116 |    116 |      0 |      0 |      7 |   1 |  116.0 |
       Ossuary |    212 |    212 |      0 |      0 |    112 |   1 |  212.0 |
      Ice Cave |   1177 |   1177 |      0 |      4 |    837 |   1 | 1177.0 |
       Volcano |    219 |    219 |      0 |     43 |     21 |   1 |  219.0 |
        Wizlab |    344 |    344 |      0 |      0 |     63 |   1 |  344.0 |
      Gauntlet |    495 |    495 |      0 |     60 |    245 |   1 |  495.0 |
               +--------+--------+--------+--------+--------+-----+--------+

Top non-repeatable levels by time:
Vaults:1: 3609 daAuts
Depths:2: 2973 daAuts
   Elf:3: 2359 daAuts
Vaults:2: 2327 daAuts
    D:10: 2154 daAuts
Vaults:3: 2079 daAuts
    D:11: 1712 daAuts
Vaults:4: 1699 daAuts
Depths:3: 1690 daAuts
 Slime:5: 1682 daAuts
    D:15: 1647 daAuts
    D:13: 1638 daAuts
 Crypt:3: 1626 daAuts
 Snake:1: 1604 daAuts
 Crypt:1: 1581 daAuts
